 Dungeon Crawl Stone Soup version 0.32-a0-818-gb728d0252e (webtiles) character file.

Game seed: 1739275341988513511

48 Nvm9 the Trooper (level 3, -1/29 HPs)
             Began as a Demonspawn Fighter on Mar 24, 2024.
             Incinerated by a bombardier beetle (5 damage)
             ... with a burning spray
             ... on level 3 of the Dungeon.
             The game lasted 00:01:27 (889 turns).

Nvm9 the Trooper (Demonspawn Fighter)                Turns: 889, Time: 00:01:28

Health: -1/29      AC:  6    Str: 18    XL:     3   Next: 50%
Magic:  3/3        EV:  8    Int:  8    God:
Gold:   69         SH:  4    Dex: 12    Spells: 2/2 levels left

rFire   . . .        a - +0 war axe
rCold   . . .        c - +0 buckler
rNeg    . . .        b - +0 scale mail
rPois   .            (no helmet)
rElec   .            (no cloak)
rCorr   .            (no gloves)
SInv    .            (no boots)
Will    .....        i - amulet of faith Stlth
                     (no ring)
HPRegen 0.24/turn    (no ring)
MPRegen 0.08/turn

%: faith
@: on fire, glowing
A: demonic guardian 1, demonic magic 1
a: no special abilities


You were on level 3 of the Dungeon.
You visited 1 branch of the dungeon, and saw 3 of its levels.

You collected 69 gold pieces.

Inventory:

Hand Weapons
 a - a +0 war axe (weapon)
Missiles
 j - 2 throwing nets (quivered)
Armour
 b - a +0 scale mail (worn)
 c - a +0 buckler (worn)
Jewellery
 i - an amulet of faith (around neck)
Scrolls
 e - a scroll of enchant armour {unknown}
 f - a scroll of amnesia {unknown}
 g - 2 scrolls of vulnerability {unknown}
 k - a scroll of immolation {unknown}
Potions
 d - a potion of might
 h - 2 potions of berserk rage {unknown}
 l - a potion of brilliance {unknown}
 m - a potion of heal wounds {unknown}


   Skills:
 * Level 3.3 Fighting
 * Level 2.3 Axes
 * Level 3.1 Armour
 * Level 3.1 Shields


You had 2 spell levels left.
You didn't know any spells.
Your spell library contained the following spells:

 Spells                   Type           Power      Damage    Failure   Level
 Lesser Beckoning         Tloc           0%         N/A       95%         2
 Gell's Gravitas          Tloc           0%         N/A       99%         3
 Teleport Other           Tloc           0%         N/A       99%         3


Dungeon Overview and Level Annotations

Branches:
Dungeon (2/15)

Altars:

Shops:
D:1 =


Innate Abilities, Weirdness & Mutations

A weak demonic guardian rushes to your aid.
Spells you cast may paralyse adjacent enemies.


Message History

No target in view!
No target in view!
Found a stone staircase leading down.
Found a tower shield.
A bombardier beetle comes into view.
You hit the bombardier beetle.
The bombardier beetle is moderately wounded.
The bombardier beetle sprays incendiary fluid at you.
The burning spray hits you.
You are covered in liquid fire!
You slash the bombardier beetle!
The bombardier beetle is almost dead.
The liquid fire burns you!
The bombardier beetle sprays incendiary fluid at you.
The burning spray hits you.
You are even more covered in liquid fire!
You barely miss the bombardier beetle.
The bombardier beetle is almost dead.
The liquid fire burns you!
The bombardier beetle sprays incendiary fluid at you.
The burning spray hits you.
You are even more covered in liquid fire!
You barely miss the bombardier beetle.
The bombardier beetle is almost dead.
The liquid fire burns you!
The bombardier beetle sprays incendiary fluid at you.
The burning spray hits you.
You are even more covered in liquid fire!
You shake off some of the fire as you move.
The liquid fire burns you!
The bombardier beetle sprays incendiary fluid at you.
The burning spray hits you.
You are even more covered in liquid fire!
You shake off some of the fire as you move.
The liquid fire burns you!
* * * LOW HITPOINT WARNING * * *
A demonic guardian appears!
You shake off some of the fire as you move.
The liquid fire burns you!
You die...

#.# ##.####
##.....#
###......# #.[....
.#
####.....##.######
.........#........
#.....@...B#
#......5##.#
###.....##.#
#........#
#####.#### #.#
#####.#######
#............
#.###.#######


You could see a bombardier beetle (ally target) and a friendly white imp
(summoned).

Vanquished Creatures
  A ribbon worm (D:2)
  2 dart slugs (D:1)
  2 giant cockroaches
  2 goblins (D:2)
  4 hobgoblins
  7 jackals (D:1)
  2 kobolds
  2 quokkas (D:1)
  6 ball pythons
  4 bats
  A frilled lizard (D:3)
  3 rats
36 creatures vanquished.

Vanquished Creatures (collateral kills)
  A goblin (D:2)
1 creature vanquished.

Grand Total: 37 creatures vanquished

Notes
Turn   | Place    | Note
-------+----------+-------------------------------------------
     0 | D:1      | Nvm9 the Demonspawn Fighter began the quest for the Orb.
     0 | D:1      | Reached XP level 1. HP: 18/18 MP: 1/1
   322 | D:1      | Gained mutation: A weak demonic guardian rushes to your
                  | aid. [demonic ancestry]
   322 | D:1      | Reached XP level 2. HP: 24/24 MP: 2/2
   351 | D:1      | Found Kiaruwam's Jewellery Emporium.
   467 | D:1      | Gained mutation: Spells you cast may paralyse adjacent
                  | enemies. [demonic ancestry]
   467 | D:1      | Reached XP level 3. HP: 23/29 MP: 3/3
   822 | D:2      | You fall into a shaft and drop 1 floor!
   889 | D:3      | Incinerated by a bombardier beetle

Illustrated notes

Levels and vault maps discovered:
D:1:      enne_arrival_octagon_isle, layout_basic, serial_shops,
          nicolae_shop_gaudy_bauble
D:2:      layout_basic
D:3:      layout_loops_corners, minmay_overflow_temple_star_hex,
          guppyfry_early_orc_mine, uniq_natasha

Skill      XL: |  1  2 |
---------------+-------+-----
Axes           | 2 |  2.3
Armour         | 3 |  3.1
Shields        | 3 |  3.1
Fighting       | |  3.3

Action                     || total
---------------------------++-------
  Melee: War axe           ||    99
 Armour: Scale mail        ||   149
  Dodge: Dodged            ||    40
  Block: Buckler           ||    30

Table legend: (Time is in decaauts)
 A = Elapsed time spent in this place.
 B = Non-inter-level travel time spent in this place.
 C = Inter-level travel time spent in this place.
 D = Time resting spent in this place.
 E = Time spent auto-exploring this place.
 F = Levels seen in this place.
 G = Mean time per level.
                   A        B        C        D        E       F      G
               +--------+--------+--------+--------+--------+-----+--------+
         Total |    931 |    915 |     16 |      0 |    656 |   3 |  310.3 |
       Dungeon |    931 |    915 |     16 |      0 |    656 |   3 |  310.3 |
               +--------+--------+--------+--------+--------+-----+--------+

Top non-repeatable levels by time:
     D:1: 603 daAuts
     D:2: 258 daAuts
     D:3: 69 daAuts
